 Dungeon Crawl Stone Soup version 0.29.0-4-gdea44cf6ec (webtiles) character file.

Game seed: 9481229716202047499

48 qw the Chopper (level 3, -5/21 HPs)
             Began as a Tengu Warper on Aug 28, 2022.
             Slain by a gnoll
             ... wielding a +0 halberd
              (10 damage)
             ... on level 2 of the Dungeon.
             The game lasted 00:00:09 (1257 turns).

qw the Chopper (Tengu Warper)                       Turns: 1257, Time: 00:00:09

Health: -5/21      AC:  6    Str: 13    XL:     3   Next: 72%
Magic:  7/7        EV:  9    Int: 13    God:
Gold:   60         SH:  0    Dex: 13    Spells: 6/6 levels left

rFire   . . .      SeeInvis .   Y - +0 hand axe
rCold   . . .      Faith    .   (no shield)
rNeg    . . .      Spirit   .   e - +0 scale mail
rPois   .          Reflect  .   (helmet restricted)
rElec   .          Harm     .   (no cloak)
rCorr   .          Rampage  .   (no gloves)
Will    .....                   (boots unavailable)
Stlth   ..........              (no amulet)
HPRegen 0.07/turn               (no ring)
MPRegen 0.10/turn               (no ring)

@: no status effects
A: beak, talons 3
a: no special abilities


You were on level 2 of the Dungeon.
You visited 1 branch of the dungeon, and saw 2 of its levels.

You collected 60 gold pieces.


Innate Abilities, Weirdness & Mutations

You have a beak for a mouth.
You have claws for feet.


   Skills:
 - Level 2.0 Fighting
 + Level 4.3 Axes
 - Level 1.0 Throwing
 - Level 1.1 Armour
 - Level 2.1 Dodging
 - Level 2.0 Spellcasting
 - Level 2.4 Translocations


You had 6 spell levels left.
You didn't know any spells.
Your spell library contained the following spells:

 Spells                   Type           Power      Damage    Failure   Level
 Blink                    Tloc           14%        N/A       56%         2
 Gell's Gravitas          Tloc           7%         N/A       80%         3
 Lesser Beckoning         Tloc           7%         N/A       80%         3
 Teleport Other           Tloc           7%         N/A       80%         3
 Manifold Assault         Tloc           7%         N/A       100%        5

Inventory:

Hand Weapons
 a - a +0 whip
 Y - a +0 hand axe (weapon)
Armour
 e - a +0 scale mail (worn)
Potions
 g - a potion of haste {unknown}
 j - a potion of mutation {unknown}

Dungeon Overview and Level Annotations

Branches:
Dungeon (2/15)

Altars:


Message History

1245 ||| Stepping ~*~*~tactically~*~*~ (stealth).
You see here a +0 dagger.
The adder hisses angrily.
A gnoll comes into view. It is wielding a +0 whip.
A gnoll comes into view. It is wielding a +0 halberd.
The adder closely misses you.
You barely miss the adder. The adder bites you.
You are poisoned.
The adder poisons you!
You barely miss the adder. You claw the adder, but do no damage.
You punch the adder.
The adder is lightly wounded.
You feel sick. The adder bites you but does no damage.
You miss the adder. Your kick misses the adder. You peck the adder.
The adder is moderately wounded.
You feel sick. The adder closely misses you. The adder barely misses you.
You closely miss the adder.
The adder is moderately wounded.
You feel sick. The gnoll misses you. The adder bites you but does no damage.
A bat comes into view.
You closely miss the adder. You peck the adder, but do no damage.
The adder is moderately wounded.
You feel sick. The adder bites you but does no damage.
A gnoll comes into view. It is wielding a +0 spear.
The gnoll hits you from afar with a +0 halberd.
The adder closely misses you.
You closely miss the adder. You claw the adder.
The adder is severely wounded.
You closely miss the gnoll.
You feel sick. The gnoll completely misses you.
The adder bites you but does no damage.
You hit the adder. You claw the adder.
You kill the adder!
You barely miss the gnoll.
You feel sick.
You are no longer poisoned.
The bat barely misses you. The gnoll hits you with a +0 whip.
The gnoll hits you from afar with a +0 halberd!
You die...

#..............#
#...%..........#
.######.#...##.......#
..........######.....#
##.##...### ##....#
......#.### #...##
.#####....#######......
##.....[..g....g..
#.#....).@.g.....
#.########%b..... #.#
....... #.# .#...#. ...
....... ... .. .... ...
... ... ..#


You could see 3 gnolls and a bat.

Vanquished Creatures
  2 adders
  3 bats
  2 endoplasms (D:1)
  3 giant cockroaches (D:1)
  4 goblins
  4 hobgoblins
  4 jackals (D:1)
  3 quokkas
  A ball python (D:1)
  3 frilled lizards (D:1)
  2 kobolds
  4 rats (D:1)
35 creatures vanquished.

Notes
Turn   | Place    | Note
-------+----------+-------------------------------------------
     0 | D:1      | qw the Tengu Warper began the quest for the Orb.
     0 | D:1      | Reached XP level 1. HP: 12/12 MP: 4/4
     0 | D:1      | 0 ||| qw: Version: 0.1-a-89-g26bdef1
     0 | D:1      | 0 ||| qw: Game counter: 79
     0 | D:1      | 0 ||| qw: Always use a shield: true
     0 | D:1      | 0 ||| qw: God list: Okawaru
     0 | D:1      | 0 ||| qw: Allow faded altars: false
     0 | D:1      | 0 ||| qw: Do Orc after D:15 true
     0 | D:1      | 0 ||| qw: Do second Lair branch before Depths: true
     0 | D:1      | 0 ||| qw: Lair rune preference: random
     0 | D:1      | 0 ||| qw: Plans: Normal
     0 | D:1      | 0 ||| PLANNING D:1-11
    57 | D:1      | 57 ||| Stepping ~*~*~tactically~*~*~ (stealth).
    64 | D:1      | Reached XP level 2. HP: 17/17 MP: 6/6
    68 | D:1      | Reached skill level 3 in Axes
   389 | D:1      | Reached XP level 3. HP: 21/21 MP: 7/7
   474 | D:1      | Found a faded altar of an unknown god.
   790 | D:1      | Reached skill level 4 in Axes
   997 | D:1      | 997 ||| UPGRADING to +0 scale mail.
  1007 | D:1      | 1007 ||| DROPPING +0 leather armour.
  1008 | D:1      | 1008 ||| READING scroll labelled XOILOM SIAXKO.
  1009 | D:1      | 1009 ||| READING scroll labelled LAYXTE ATEI.
  1014 | D:1      | 1014 ||| READING scroll labelled KUCVIWAANU.
  1015 | D:1      | 1015 ||| DROPPING scroll of blinking.
  1048 | D:2      | 1048 ||| STAIRDANCE
  1062 | D:2      | 1062 ||| DROPPING +0 club.
  1124 | D:2      | 1124 ||| Stepping ~*~*~tactically~*~*~ (stealth).
  1126 | D:2      | 1126 ||| Stepping ~*~*~tactically~*~*~ (stealth).
  1129 | D:2      | 1129 ||| Stepping ~*~*~tactically~*~*~ (stealth).
  1130 | D:2      | 1130 ||| Stepping ~*~*~tactically~*~*~ (stealth).
  1138 | D:2      | 1138 ||| Stepping ~*~*~tactically~*~*~ (stealth).
  1245 | D:2      | 1245 ||| Stepping ~*~*~tactically~*~*~ (stealth).
  1257 | D:2      | HP: 5/21 [gnoll/+0 whip (4)]
  1257 | D:2      | Slain by a gnoll

Levels and vault maps discovered:
D:1:      dpeg_arrival_orchard, layout_loops_ring,
          shapermc_ecumenical_altar_hornbeckon
D:2:      layout_rooms, serial_shops, shop, serial_curves, eino_curves_02,
          eino_curves_03, eino_curves_02, eino_curves_01, grunt_ministairs_3

Skill      XL: |  1  2  3 |
---------------+----------+-----
Axes           | 3 4 |  4.3
Fighting       | |  2.0
Throwing       | |  1.0
Armour         | |  1.1
Dodging        | |  2.1
Spellcasting   | |  2.0
Translocations | |  2.4

Action                   || total
-------------------------++-------
Melee: Hand axe          ||    78
       Kick              ||    15
       Peck              ||     9
       Punch             ||     1
Throw: Boomerang         ||     7
  Use: Scroll            ||     3
Armor: Leather armour    ||    11
       Scale mail        ||    16
Dodge: Dodged            ||    33

Table legend:
 A = Non-vault XP
 B = Vault XP
 C = Vault XP percentage of total XP
 D = Non-vault monster count
 E = Vault monster count
 F = Vault count percentage of total count
                 A         B        C        D         E       F
            +---------+---------+-------+---------+---------+-------
      Total |      83 |       0 |   0.0 |      35 |       0 |   0.0
            +---------+---------+-------+---------+---------+-------
        D:1 |      59 |       0 |   0.0 |      29 |       0 |   0.0
        D:2 |      24 |       0 |   0.0 |       6 |       0 |   0.0
            +---------+---------+-------+---------+---------+-------
